 Dungeon Crawl Stone Soup version 0.27.1-3-gb3d3a73c9e (webtiles) character file.

Game seed: 17038681006326819691

1074 karkarkar the Shield-Bearer (level 8, -5/72 HPs)
             Began as a Gargoyle Fighter on Oct 8, 2021.
             Killed by divine providence
             ... invoked by an orc priest
              (11 damage)
             ... on level 5 of the Dungeon.
             The game lasted 00:10:27 (4283 turns).

karkarkar the Shield-Bearer (Gargoyle Fighter)      Turns: 4283, Time: 00:10:27

Health: -5/72      AC: 24    Str: 23    XL:     8   Next: 29%
Magic:  8/8        EV:  2    Int:  8    God:
Gold:   192        SH: 10    Dex:  9    Spells: 7/7 levels left

rFire    . . .     SeeInvis .   a - +2 war axe (elec)
rCold    . . .     Faith    .   c - +0 kite shield
rNeg     + + +     Spirit   .   (armour currently unavailable)
rPois    ∞         Reflect  .   (helmet currently unavailable)
rElec    .         Harm     .   (cloak currently unavailable)
rCorr    .         Rampage  .   (gloves currently unavailable)
Will     .....     NoTele   +   (boots currently unavailable)
Stlth    +.........             (no amulet)
HPRegen  0.22/turn              (no ring)
MPRegen  0.11/turn              (no ring)

@: tree-form
A: stationary, stasis, torment immunity, boosted hp, sickness immunity, AC +5,
negative energy resistance 1, (electricity resistance), torment resistance 1,
petrification resistance
a: no special abilities


You were on level 5 of the Dungeon.
You were a tree.
You visited 1 branch of the dungeon, and saw 5 of its levels.

You collected 192 gold pieces.

Inventory:

Hand Weapons
 a - a +2 war axe of electrocution (weapon)
 n - a +0 war axe
Missiles
 h - 16 poisoned darts
Armour
 b - a +0 scale mail
 c - a +0 kite shield (worn)
 f - a +0 helmet (melded)
 m - a +2 ring mail of positive energy (melded)
Wands
 j - a wand of acid (18) (quivered)
Scrolls
 k - a scroll of noise {unknown}
 p - a scroll of enchant weapon {unknown}
 q - a scroll of enchant armour {unknown}
Potions
 d - 2 potions of might
 e - a potion of haste {unknown}
 g - a potion of attraction
 i - 2 potions of mutation
 l - a potion of curing {unknown}
 o - 3 potions of lignification


   Skills:
 + Level 4.7 Fighting
 + Level 6.0 Axes
 - Level 1.4 Throwing
 - Level 3.3 Armour
 + Level 2.4 Dodging
 + Level 0.1 Stealth
 + Level 6.1 Shields
 + Level 0.6 Evocations


You had 7 spell levels left.
You didn't know any spells.
Your spell library contained the following spells:

 Spells                   Type           Power      Damage    Failure   Level
 Pain                     Necr           0%         1d4       80%         1
 Inner Flame              Hex/Fire       0%         N/A       99%         3
 Cause Fear               Hex            0%         N/A       100%        4
 Agony                    Necr           0%         N/A       100%        5
 Excruciating Wounds      Necr           0%         N/A       100%        5
 Discord                  Hex            0%         N/A       100%        8


Dungeon Overview and Level Annotations

Branches:
Dungeon (5/15)
 Temple: D:4-7

Altars:


Innate Abilities, Weirdness & Mutations

You are a tree.
Your roots penetrate the ground, keeping you stationary.
You cannot be teleported.
You are immune to unholy pain and torment.
Your maximum health is greatly increased.
Your equipment is partially melded.
You are immune to sickness and miasma.
((Your stone body is resilient. (AC +5)))
You are immune to poison.
You resist negative energy. (rN+)
((You are resistant to electric shocks. (rElec)))
You are resistant to unholy torment.
You are immune to petrification.


Message History

You closely miss the orc. You block the orc's attack.
You completely miss the orc.
The orc splashes around in the water.
The orc priest calls down the wrath of Beogh upon you.
Beogh smites you!
* * * LOW HITPOINT WARNING * * *
The orc hits you with a +0 club.
* * * LOW HITPOINT WARNING * * *
You completely miss the orc. The orc barely misses you.
You hit the orc.
The orc is severely wounded.
The orc hits you but does no damage.
The orc splashes around in the water.
Okay, then.
It was a potion of lignification.
You turn into a tree.
Your +0 helmet melds into your body.
Your +2 ring mail of positive energy melds into your body.
You feel less protected from negative energy.
Your roots penetrate the ground.
The orc hits you but does no damage.
You hit the orc but do no damage.
The orc is severely wounded.
The orc hits you but does no damage.
You slash the orc!
You kill the orc!
You hear a splash. x2
You closely miss the orc. The orc hits you but does no damage.
You closely miss the orc.
The orc splashes around in the water. x2
You barely miss the orc. The orc hits you but does no damage.
You hit the orc. Lightning courses through the orc!
You kill the orc!
You hear a splash. x2
You closely miss the orc priest.
The orc priest calls down the wrath of Beogh upon you.
Beogh smites you!
* * * LOW HITPOINT WARNING * * *
You hit the orc priest but do no damage.
The orc priest splashes around in the water.
You block the orc priest's attack.
You barely miss the orc priest.
The orc priest calls down the wrath of Beogh upon you.
Beogh smites you!
You die...

#.............#
#.....#######.# ##
#...........#.###...#
###..>..<.............
.......#######.###....
###.##.# #.# . #(##.#
#.# #..... #.####.#.##
#.##### #.)♣o......
#.# ######.#.## #.#
#.#


You could see an orc priest.

Vanquished Creatures
  Grinder (D:3)
  An ice beast (D:3)
  A sky beast (D:5)
  An ogre (D:4)
  A phantom (D:5)
  A scorpion (D:4)
  A jelly (D:5)
  An orc priest (D:4)
  3 hounds
  2 iguanas (D:4)
  4 orc wizards
  4 gnolls (D:2)
  2 adders
  A white imp (D:4)
  A worm (D:2)
  A dart slug (D:3)
  14 orcs
  6 ball pythons
  5 endoplasms
  A giant cockroach (D:3)
  4 goblins
  5 hobgoblins
  17 jackals
  6 kobolds
  A quokka (D:1)
  6 bats
  3 frilled lizards (D:1)
  A quokka skeleton (D:4)
  6 rats
101 creatures vanquished.

Notes
Turn   | Place    | Note
-------+----------+-------------------------------------------
     0 | D:1      | karkarkar the Gargoyle Fighter began the quest for the Orb.
     0 | D:1      | Reached XP level 1. HP: 14/14 MP: 1/1
   327 | D:1      | Found a faded altar of an unknown god.
   372 | D:1      | Reached XP level 2. HP: 18/19 MP: 2/2
  1246 | D:2      | Reached XP level 3. HP: 23/23 MP: 3/3
  1265 | D:2      | Reached XP level 4. HP: 23/29 MP: 4/4
  1917 | D:2      | Reached XP level 5. HP: 19/33 MP: 5/5
  2477 | D:3      | Noticed Grinder
  2485 | D:3      | Paralysed by Grinder for 2 turns
  2494 | D:3      | Paralysed by Grinder for 4 turns
  3132 | D:3      | Killed Grinder
  3133 | D:3      | Reached skill level 1 in Throwing
  3133 | D:3      | Reached skill level 1 in Dodging
  3133 | D:3      | Reached skill level 5 in Shields
  3133 | D:3      | Reached XP level 6. HP: 38/38 MP: 6/6
  3161 | D:3      | Noticed an ice beast
  3178 | D:3      | Killed an ice beast
  3179 | D:3      | Reached XP level 7. HP: 43/43 MP: 7/7
  3530 | D:4      | Reached skill level 5 in Axes
  4127 | D:4      | Reached XP level 8. HP: 48/48 MP: 8/8
  4128 | D:4      | You fall into a shaft and drop 1 floor!
  4128 | D:5      | Entered Level 5 of the Dungeon
  4283 | D:5      | Killed from afar by an orc priest

Illustrated notes

Levels and vault maps discovered:
D:1:      mainiacjoe_arrival_reflecting_pool, layout_basic,
          hellmonk_ecumenical_altar_zigzags, lemuel_flame_loot_1
D:2:      layout_basic
D:3:      layout_basic, uniq_grinder
D:4:      layout_rooms
D:5:      layout_loops_ring, mainiacjoe_overflow_alcove_2

Skill      XL: |  1  2  3  4  5  6  7  8 |
---------------+-------------------------+-----
Axes           | 2 3 4 5 6 |  6.0
Shields        | 4 5 6 |  6.1
Fighting       | 4 |  4.7
Throwing       | 1 |  1.4
Dodging        | 1 2 |  2.4
Armour         | |  3.3
Stealth        | |  0.1
Evocations     | |  0.6

Action                   |  1- 3 |  4- 6 |  7- 9 || total
-------------------------+-------+-------+-------++-------
Melee: War axe           |    66 |   129 |   112 ||   307
Throw: Dart              |     9 |    12 |     9 ||    30
Evoke: Wand              |       |       |     4 ||     4
  Use: Scroll            |     1 |     2 |     1 ||     4
       Potion            |       |     1 |     1 ||     2
Armor: Scale mail        |    50 |    60 |       ||   110
       Ring mail         |       |    14 |    54 ||    68
       Skin              |       |       |     4 ||     4
Dodge: Dodged            |    18 |    46 |    29 ||    93
Block: Kite shield       |    40 |    76 |    57 ||   173
